 Dungeon Crawl Stone Soup version 0.29.0-13-gc9e81de378 (webtiles) character file.

Game seed: 14648406133750833416

113 sanka the Poker (level 4, -3/28 HPs)
             Began as a Tengu Abyssal Knight on Sept 10, 2022.
             Was a Priest of Lugonu.
             Slain by an iguana (12 damage)
             ... on level 4 of the Dungeon.
             The game lasted 00:03:05 (3612 turns).

sanka the Poker (Tengu Abyssal Knight)              Turns: 3612, Time: 00:03:05

Health: -3/28      AC:  4    Str: 14    XL:     4   Next: 96%
Magic:  6/6        EV: 11    Int: 12    God:    Lugonu [***...]
Gold:   266        SH:  0    Dex: 14    Spells: 3/3 levels left

rFire   . . .      SeeInvis .   a - +1 spear
rCold   . . .      Faith    .   (no shield)
rNeg    + . .      Spirit   .   b - +0 leather armour
rPois   .          Reflect  .   (helmet restricted)
rElec   .          Harm     .   (no cloak)
rCorr   .          Rampage  .   f - +0 pair of gloves
Will    .....                   (boots unavailable)
Stlth   +.........              i - amulet of magic regeneration
HPRegen 0.09/turn               l - ring of positive energy
MPRegen 0.50/turn               (no ring)

@: no status effects
A: beak, talons 3
a: Renounce Religion, Depart the Abyss, Bend Space, Banish


You were on level 4 of the Dungeon.
You worshipped Lugonu.
Lugonu was most pleased with you.
You visited 1 branch of the dungeon, and saw 4 of its levels.
You visited the Abyss 1 time.

You collected 266 gold pieces.


Innate Abilities, Weirdness & Mutations

You have a beak for a mouth.
You have claws for feet.


   Skills:
 - Level 3.0 Fighting
 + Level 5.3 Polearms
 - Level 2.1 Armour
 - Level 1.1 Dodging
 + Level 1.7 Invocations


You had 3 spell levels left.
You didn't know any spells.
Your spell library contained the following spells:

 Spells                   Type           Power      Damage    Failure   Level
 Gell's Gravitas          Tloc           0%         N/A       77%         3
 Lesser Beckoning         Tloc           0%         N/A       77%         3
 Teleport Other           Tloc           0%         N/A       77%         3

Inventory:

Hand Weapons
 a - a +1 spear (weapon)
Armour
 b - a +0 leather armour (worn)
 f - a +0 pair of gloves (worn)
Jewellery
 i - an amulet of magic regeneration (around neck)
 l - a ring of positive energy (left hand)
Scrolls
 c - a scroll of brand weapon {unknown}
 e - 3 scrolls of teleportation {unknown}
 h - 2 scrolls of identify {unknown}
 j - a scroll of noise {unknown}
 k - a scroll of poison {unknown}
 o - a scroll of vulnerability {unknown}
 p - a scroll of silence {unknown}
Potions
 d - a potion of degeneration {unknown}
 g - 5 potions of curing {unknown}
 m - a potion of attraction {unknown}
 n - a potion of haste {unknown}
 q - 2 potions of lignification {unknown}

Dungeon Overview and Level Annotations

Branches:
Dungeon (4/15)             Temple (0/1) D:4

Altars:
Yredelemnul
Zin

Shops:
D:1 *   D:3 [

Annotations:
D:3 3 runed translucent doors, Anothat's ghost, amateur FoFi

▒▒..▒ ..
▒.....▒▒..▒▒▒▒ ▒..▒
. ▒....▒▒..▒...▒
▒..▒ ▒▒..^▒.........
▒▒.▒▒
▒..▒...▒...▒...
▒▒▒..▒ ..
▒▒.▒▒▒▒....▒▒▒..
.▒▒..▒▒▒▒..▒ ▒▒..▒
▒▒▒..▒ ▒▒▒
.............▒
▒▒..▒▒ ▒▒.▒▒ ▒
▒.......▒▒▒▒...▒...▒
▒..▒ ▒ ▒▒▒...▒▒▒
▒..Q.▒▒ ▒▒▒▒..▒
▒▒....▒▒
▒..l..▒▒▒....▒▒
▒▒......▒▒
▒.............▒
▒.........▒
▒..▒▒...▒▒▒▒▒.▒▒
...▒....... ...
▒..▒▒ ▒..▒▒ ▒
.▒▒▒...▒... ...▒
▒.=▒ ▒▒▒..▒▒▒▒ ▒▒▒
▒..▒▒▒▒.... ...
▒▒........ ..▒ ...▒
▒▒... .[............
..▒ ....▒
▒▒.....▒▒▒..


You could see an iguana.


Message History

The iguana barely misses you.
You hit the iguana.
The iguana is heavily wounded.
The iguana bites you.
You hit the iguana but do no damage.
The iguana is heavily wounded.
The iguana bites you!
* * * LOW HITPOINT WARNING * * *
You barely miss the iguana.
The iguana is heavily wounded.
The iguana bites you.
* * * LOW HITPOINT WARNING * * *
You closely miss the iguana.
The iguana is heavily wounded.
You closely miss the iguana. You claw the iguana, but do no damage.
The iguana is heavily wounded.
The iguana barely misses you.
You hit the iguana but do no damage.
The iguana is heavily wounded.
The iguana barely misses you.
You hit the iguana but do no damage. Your kick misses the iguana.
The iguana is heavily wounded.
The iguana closely misses you.
You hit the iguana but do no damage. You peck the iguana, but do no damage.
The iguana is heavily wounded.
The iguana bites you!
You die...

Action                   |  1- 3 |  4- 6 || total
-------------------------+-------+-------++-------
Melee: Spear             |    62 |    64 ||   126
       Peck              |     8 |     8 ||    16
       Kick              |     9 |    12 ||    21
Armor: Leather armour    |    13 |     3 ||    16
Dodge: Dodged            |    30 |    21 ||    51

Levels and vault maps discovered:
D:1:      dpeg_arrival_radiant, layout_basic, serial_shops,
          nicolae_shop_overgrown_old_shop, hellmonk_ecumenical_altar_run_dry,
          hex_intersection
D:2:      layout_basic
D:3:      layout_loops_cross, zin_scriptorium, gammafunk_ghost_necromancy,
          serial_shops, nicolae_lakefront_shop
D:4:      layout_layer_cave, overflow_temple_1_default,
          minmay_temple_entry_wispy, chequers_garden

Notes
Turn   | Place    | Note
-------+----------+-------------------------------------------
     0 | Abyss:1  | sanka the Tengu Abyssal Knight began the quest for the Orb.
     0 | Abyss:1  | Reached XP level 1. HP: 14/14 MP: 3/3
     3 | D:1      | Escaped the Abyss
   120 | D:1      | Reached XP level 2. HP: 19/19 MP: 4/4
   176 | D:1      | Reached skill level 3 in Polearms
   451 | D:1      | Found a faded altar of an unknown god.
   827 | D:1      | Found Opa Ymud's Assorted Antiques.
  1233 | D:2      | Reached XP level 3. HP: 22/23 MP: 5/5
  1335 | D:2      | Reached skill level 4 in Polearms
  2032 | D:3      | Reached *** piety under Lugonu
  2033 | D:3      | Reached XP level 4. HP: 24/28 MP: 6/6
  2070 | D:3      | Found a runed translucent gate.
  2070 | D:3      | Found a runed translucent gate.
  2070 | D:3      | Found a runed translucent gate.
  2073 | D:3      | Noticed Anothat's ghost (amateur FoFi)
  2119 | D:3      | Reached skill level 5 in Polearms
  2390 | D:3      | Found a glowing silver altar of Zin.
  2446 | D:3      | Found Xoosaomy's Antique Armour Shop.
  3129 | D:4      | Found a basalt altar of Yredelemnul.
  3259 | D:4      | Noticed a black bear
  3282 | D:4      | Found a staircase to the Ecumenical Temple.
  3612 | D:4      | Slain by an iguana

Vanquished Creatures
  A hound (D:3)
  3 adders
  An ufetubus (D:4)
  A dart slug (D:1)
  2 orcs (D:4)
  8 bats
  4 endoplasms
  A giant cockroach (D:1)
  4 goblins
  4 hobgoblins (D:4)
  9 kobolds
  5 ball pythons
  6 rats
49 creatures vanquished.
